APL (24 & UNDER)
NASHUA REDLEGS @ MONTGOMERY GREY SOX
08/10/2026
 
TOP OF THE 1ST
Nashua Redlegs batting - Pitching for Montgomery Grey Sox : RHP Gabriel Oliuo
Pitching: RHP Gabriel Oliuo
Batting: RHB Spencer Pritchett 0-0: Called Strike
0-1: Ball
1-1: Swinging Strike
1-2: Strikes out swinging
Pitching: RHP Brian Barker
Batting: RHB Miguel González 0-0: Foul Ball, location: 2F
0-1: Fly out, F1 (Popup, 13S)
Batting: LHB Richard Olvera 0-0: Hit by Pitch
Batting: LHB Keith Green 0-0: Ball
1-0: Ball
2-0: Called Strike
2-1: Ground out 4-3 (Groundball, 4)
Top of the 1st over - 0 run(s), 0 hit(s), 0 error(s), 1 left on base; Nashua 0 - Montgomery 0
BOTTOM OF THE 1ST
Montgomery Grey Sox batting - Pitching for Nashua Redlegs : RHP Gil Paling
Pitching: RHP Gil Paling
Batting: RHB José Montoya 0-0: Ball
1-0: Called Strike
1-1: SINGLE (Line Drive, 6MD)
Batting: RHB Dean Bailey 0-0: Ball
José Montoya is caught stealing 2nd base
1-0: Foul Ball, location: 2F
1-1: Ground out 6-3 (Groundball, 6M)
Batting: LHB Al Gaines 0-0: Called Strike
0-1: Ground out 4-3 (Groundball, 4)
Bottom of the 1st over - 0 run(s), 1 hit(s), 0 error(s), 0 left on base; Nashua 0 - Montgomery 0
TOP OF THE 2ND
Nashua Redlegs batting - Pitching for Montgomery Grey Sox : RHP Brian Barker
Batting: RHB Jacob Pope 0-0: Foul Ball, location: 2F
0-1: Called Strike
0-2: Ball
1-2: Fly out, F9 (Flyball, 89M)
Batting: RHB Jason Blair 0-0: Called Strike
0-1: Foul Ball, location: 2F
0-2: Ball
1-2: Ground out 6-3 (Groundball, 56)
Batting: RHB Gabriel Erwin 0-0: Swinging Strike
0-1: Swinging Strike
0-2: Ball
1-2: Ground out 6-3 (Groundball, 6)
Top of the 2nd over - 0 run(s), 0 hit(s), 0 error(s), 0 left on base; Nashua 0 - Montgomery 0
BOTTOM OF THE 2ND
Montgomery Grey Sox batting - Pitching for Nashua Redlegs : RHP Gil Paling
Batting: SHB Marvin López 0-0: Fly out, F8 (Flyball, 8LD)
Batting: RHB José Carlos Caraballo 0-0: Ball
1-0: Called Strike
1-1: Swinging Strike
1-2: Ball
2-2: Ball
3-2: Base on Balls
Batting: RHB Bob Johnson 0-0: Called Strike
0-1: Foul Ball, location: 2F
0-2: Strikes out swinging
Batting: LHB Bob Jones 0-0: Called Strike
0-1: Ball
1-1: Ball
2-1: Ball
3-1: Swinging Strike
3-2: Ground out 3-1 (Groundball, 3)
Bottom of the 2nd over - 0 run(s), 0 hit(s), 0 error(s), 1 left on base; Nashua 0 - Montgomery 0
TOP OF THE 3RD
Nashua Redlegs batting - Pitching for Montgomery Grey Sox : RHP Brian Barker
Batting: RHB Eleuterio Supardo 0-0: Called Strike
0-1: Ball
1-1: Ball
2-1: Ball
3-1: Called Strike
3-2: Strikes out swinging
Batting: RHB Juan Reyes 0-0: Ball
1-0: Ground out 6-3 (Groundball, 6M)
Batting: RHB Spencer Pritchett 0-0: Ball
1-0: Ball
2-0: Ball
3-0: Called Strike
3-1: Ground out 6-3 (Groundball, 6)
Top of the 3rd over - 0 run(s), 0 hit(s), 0 error(s), 0 left on base; Nashua 0 - Montgomery 0
BOTTOM OF THE 3RD
Montgomery Grey Sox batting - Pitching for Nashua Redlegs : RHP Gil Paling
Batting: SHB Hoyt Norris 0-0: Called Strike
0-1: Ball
1-1: Ball
2-1: Ball
3-1: Base on Balls
Batting: RHB Sergio Gonzáles 0-0: Called Strike
0-1: Called Strike
0-2: Strikes out swinging
Batting: RHB José Montoya 0-0: Foul Ball, location: 2F
0-1: Ball
1-1: Swinging Strike
1-2: Foul Ball, location: 2F
1-2: Strikes out swinging
Hoyt Norris is caught stealing 2nd base
Batter strikes out.
Bottom of the 3rd over - 0 run(s), 0 hit(s), 0 error(s), 0 left on base; Nashua 0 - Montgomery 0
TOP OF THE 4TH
Nashua Redlegs batting - Pitching for Montgomery Grey Sox : RHP Brian Barker
Batting: RHB Miguel González 0-0: Ball
1-0: Foul Ball, location: 2F
1-1: Swinging Strike
1-2: Ball
2-2: Foul Ball, location: 2F
2-2: SINGLE (Groundball, 56)
Pitching: LHP Lee González
Batting: LHB Richard Olvera 0-0: Called Strike
0-1: Called Strike
0-2: Strikes out swinging
Miguel González steals 2nd base
Batter strikes out.
Batting: LHB Keith Green 0-0: DOUBLE (Line Drive, 89S)
Miguel González scores
Batting: RHB Jacob Pope 0-0: Called Strike
0-1: Ball
1-1: Foul Ball, location: 2F
1-2: Ball
2-2: Ball
3-2: Strikes out swinging
Batting: RHB Jason Blair 0-0: Ground out 4-3 (Groundball, 4)
Top of the 4th over - 1 run(s), 2 hit(s), 0 error(s), 1 left on base; Nashua 1 - Montgomery 0
BOTTOM OF THE 4TH
Montgomery Grey Sox batting - Pitching for Nashua Redlegs : RHP Gil Paling
Batting: RHB Dean Bailey 0-0: Ball
1-0: Ground out 6-3 (Groundball, 6)
Batting: LHB Al Gaines 0-0: Called Strike
0-1: DOUBLE (Flyball, 7LM)
Batting: SHB Marvin López 0-0: Called Strike
0-1: Called Strike
0-2: Strikes out swinging
Batting: RHB José Carlos Caraballo 0-0: SINGLE (Line Drive, 6D)
Al Gaines to third
Runner from 3rd tries for Home, SAFE, no throw or cutoff
Batting: RHB Bob Johnson 0-0: Ground out 3-1 (Groundball, 34S)
Bottom of the 4th over - 1 run(s), 2 hit(s), 0 error(s), 1 left on base; Nashua 1 - Montgomery 1
TOP OF THE 5TH
Nashua Redlegs batting - Pitching for Montgomery Grey Sox : LHP Lee González
Batting: RHB Gabriel Erwin 0-0: Ball
1-0: Ground out 5-3 (Groundball, 5)
Batting: RHB Eleuterio Supardo 0-0: Called Strike
0-1: Ball
1-1: Swinging Strike
1-2: Strikes out swinging, 2-3 out at first.
Batting: RHB Juan Reyes 0-0: Called Strike
0-1: Ball
1-1: Ground out 1-3 (Groundball, 13)
Top of the 5th over - 0 run(s), 0 hit(s), 0 error(s), 0 left on base; Nashua 1 - Montgomery 1
BOTTOM OF THE 5TH
Montgomery Grey Sox batting - Pitching for Nashua Redlegs : RHP Gil Paling
Batting: LHB Bob Jones 0-0: Called Strike
0-1: Swinging Strike
0-2: Ball
1-2: Strikes out swinging
Batting: SHB Hoyt Norris 0-0: Ball
1-0: Called Strike
1-1: Swinging Strike
1-2: Ball
2-2: Fly out, F7 (Flyball, 78M)
Batting: RHB Sergio Gonzáles 0-0: Fly out, F7 (Flyball, 7M)
Bottom of the 5th over - 0 run(s), 0 hit(s), 0 error(s), 0 left on base; Nashua 1 - Montgomery 1
TOP OF THE 6TH
Nashua Redlegs batting - Pitching for Montgomery Grey Sox : LHP Lee González
Batting: RHB Spencer Pritchett 0-0: Called Strike
0-1: Ball
1-1: Ball
2-1: Ball
3-1: Called Strike
3-2: Base on Balls
Batting: RHB Miguel González 0-0: Called Strike
0-1: Ball
1-1: Foul Ball, location: 2F
1-2: Ball
2-2: Foul Ball, location: 2F
2-2: Ball
3-2: Base on Balls
Spencer Pritchett to second
Batting: LHB Richard Olvera 0-0: Foul Ball, location: 2F
0-1: Called Strike
0-2: Strikes out looking
Batting: LHB Keith Green 0-0: Ball
1-0: Called Strike
1-1: Swinging Strike
1-2: Ball
2-2: Ball
3-2: Foul Ball, location: 2F
3-2: Fly out, F8 (Flyball, 8LS)
Batting: RHB Jacob Pope 0-0: Ball
1-0: Swinging Strike
1-1: Fielders Choice at 2nd, U6 (Groundball, 6M)
Top of the 6th over - 0 run(s), 0 hit(s), 0 error(s), 2 left on base; Nashua 1 - Montgomery 1
BOTTOM OF THE 6TH
Montgomery Grey Sox batting - Pitching for Nashua Redlegs : RHP Gil Paling
Batting: RHB José Montoya 0-0: Ball
1-0: Swinging Strike
1-1: Swinging Strike
1-2: Ball
2-2: Foul Ball, location: 2F
2-2: Foul Ball, location: 2F
2-2: Strikes out swinging
Batting: RHB Dean Bailey 0-0: Ball
1-0: Swinging Strike
1-1: Ball
2-1: Ball
3-1: SINGLE (Groundball, 5D)
Batting: LHB Al Gaines 0-0: Called Strike
0-1: Fly out, F3 (Popup, 3SF)
Batting: SHB Marvin López 0-0: Fly out, F2 (Popup, 25F)
Bottom of the 6th over - 0 run(s), 1 hit(s), 0 error(s), 1 left on base; Nashua 1 - Montgomery 1
TOP OF THE 7TH
Nashua Redlegs batting - Pitching for Montgomery Grey Sox : LHP Lee González
Pitching: LHP Wilson Romero
Pinch Hitting: RHB Héctor Vázquez 0-0: Ball
1-0: Called Strike
1-1: Ball
2-1: Foul Ball, location: 2F
2-2: Ball
3-2: Base on Balls
Batting: RHB Gabriel Erwin 0-0: Ball
1-0: Bunted foul
1-1: Bunted foul
1-2: Strikes out swinging
Pinch Hitting: RHB Javier Ortíz 0-0: Ball
1-0: Foul Ball, location: 2F
1-1: Ball
2-1: Ball
3-1: Foul Ball, location: 2F
3-2: Base on Balls
Héctor Vázquez to second
Batting: RHB Juan Reyes 0-0: Ball
1-0: Swinging Strike
1-1: Swinging Strike
1-2: Grounds into double play, 6-4-3 (Groundball, 6M)
Top of the 7th over - 0 run(s), 0 hit(s), 0 error(s), 1 left on base; Nashua 1 - Montgomery 1
BOTTOM OF THE 7TH
Montgomery Grey Sox batting - Pitching for Nashua Redlegs : RHP Gil Paling
Now at 1B: Alan Evans
Now at 3B: Héctor Vázquez
Batting: RHB José Carlos Caraballo 0-0: Ground out 1-3 (Groundball, 13S)
Batting: RHB Bob Johnson 0-0: Ball
1-0: SINGLE (Groundball, 56D)
Batting: LHB Bob Jones 0-0: Foul Ball, location: 2F
0-1: Ball
1-1: Ball
2-1: Ball
Bob Johnson steals 2nd base
3-1: Intentional Walk
Pinch Hitting: RHB Bryant von Bohlen 0-0: Called Strike
0-1: Ball
1-1: Ball
Wild Pitch!
Bob Johnson to third
Bob Jones to second
2-1: Intentional Walk
Pinch Hitting: SHB Joe Pierce 0-0: Called Strike
0-1: Foul Ball, location: 2F
0-2: Ball
1-2: Ball
2-2: Strikes out swinging
Pitching: RHP Pedro Cabrera
Batting: RHB José Montoya 0-0: Called Strike
0-1: Ball
1-1: Swinging Strike
1-2: Strikes out swinging
Bottom of the 7th over - 0 run(s), 1 hit(s), 0 error(s), 3 left on base; Nashua 1 - Montgomery 1
TOP OF THE 8TH
Nashua Redlegs batting - Pitching for Montgomery Grey Sox : LHP Wilson Romero
Now at SS: António Nevárez
Now in LF: Frederick Curtis
Pinch Hitting: RHB Juan Cardoza 0-0: Ball
1-0: SINGLE (Line Drive, 89S)
Pinch Runner at 1st Manuel Alonso:
Batting: RHB Miguel González 0-0: Ball
1-0: Bunted foul
1-1: Bunted foul
1-2: Ball
2-2: Foul Ball, location: 2F
2-2: SINGLE (Groundball, 56D)
Manuel Alonso to second
Pinch Hitting: LHB Frank Young 0-0: Grounds out, U3 (Groundball, 3L)
Manuel Alonso to third
Batting: LHB Keith Green 0-0: Ball
1-0: Fly out, F4 (Line Drive, 34)
Batting: RHB Jacob Pope 0-0: Ball
1-0: Ball
2-0: Ball
3-0: Base on Balls
Batting: RHB Héctor Vázquez 0-0: Called Strike
0-1: Ball
1-1: Ball
2-1: Called Strike
2-2: Foul Ball, location: 2F
2-2: Strikes out swinging
Top of the 8th over - 0 run(s), 2 hit(s), 0 error(s), 3 left on base; Nashua 1 - Montgomery 1
BOTTOM OF THE 8TH
Montgomery Grey Sox batting - Pitching for Nashua Redlegs : RHP Pedro Cabrera
Now at 2B: Manuel Alonso
Now in RF: Frank Young
Batting: RHB Dean Bailey 0-0: Called Strike
0-1: Fly out, F9 (Flyball, 89D)
Batting: LHB Al Gaines 0-0: Ball
1-0: Foul Ball, location: 2F
1-1: Hit by Pitch
Batting: SHB Marvin López 0-0: Swinging Strike
0-1: Ball
1-1: Ball
2-1: Swinging Strike
2-2: Foul Ball, location: 2F
2-2: Ball
3-2: Base on Balls
Al Gaines to second
Batting: RHB José Carlos Caraballo 0-0: Grounds into double play, 5-4-3 (Groundball, 56)
Bottom of the 8th over - 0 run(s), 0 hit(s), 0 error(s), 1 left on base; Nashua 1 - Montgomery 1
TOP OF THE 9TH
Nashua Redlegs batting - Pitching for Montgomery Grey Sox : LHP Wilson Romero
Pitching: RHP Calvin Snyder
Pinch Hitting: LHB Bill McCraney 0-0: Swinging Strike
0-1: Foul Ball, location: 2F
0-2: Ball
1-2: Ball
2-2: Strikes out swinging
Pinch Hitting: LHB Mike Harris 0-0: Swinging Strike
0-1: Ground out 5-3 (Groundball, 56)
Pinch Hitting: LHB Bernardo Rodríguez 0-0: Foul Ball, location: 2F
0-1: Called Strike
0-2: Ball
1-2: Ball
2-2: Ball
3-2: SINGLE (Groundball, 25) (infield hit)
Batting: RHB Manuel Alonso 0-0: Ball
1-0: SINGLE (Line Drive, 6MD)
Bernardo Rodríguez to second
Batting: RHB Miguel González 0-0: Called Strike
0-1: Ball
1-1: Ball
2-1: Swinging Strike
2-2: Strikes out swinging
Top of the 9th over - 0 run(s), 2 hit(s), 0 error(s), 2 left on base; Nashua 1 - Montgomery 1
BOTTOM OF THE 9TH
Montgomery Grey Sox batting - Pitching for Nashua Redlegs : RHP Pedro Cabrera
Now at C: António Pérez
Now at 1B: Bill McCraney
Now in CF: Mike Harris
Batting: RHB Bob Johnson 0-0: Foul Ball, location: 2F
0-1: Ground out 6-3 (Groundball, 6M)
Batting: LHB Bob Jones 0-0: Foul Ball, location: 2F
0-1: Swinging Strike
0-2: Ball
1-2: Foul Ball, location: 2F
1-2: Ball
2-2: Strikes out swinging
Pinch Hitting: LHB Alberto Santos 0-0: Ball
1-0: Bunted foul
1-1: Foul Ball, location: 2F
1-2: Strikes out swinging
Bottom of the 9th over - 0 run(s), 0 hit(s), 0 error(s), 0 left on base; Nashua 1 - Montgomery 1
TOP OF THE 10TH
Nashua Redlegs batting - Pitching for Montgomery Grey Sox : RHP Calvin Snyder
Now at SS: Félix Cruz
Batting: LHB Frank Young 0-0: Ball
1-0: Called Strike
1-1: Ball
2-1: DOUBLE (Line Drive, 5D)
Batting: LHB Keith Green 0-0: Intentional Walk
Batting: RHB Jacob Pope 0-0: Ball
1-0: Swinging Strike
1-1: Swinging Strike
1-2: Strikes out swinging
Batting: RHB Héctor Vázquez 0-0: Ball
1-0: Ball
2-0: Called Strike
2-1: Swinging Strike
2-2: Ball
3-2: Foul Ball, location: 2F
3-2: Base on Balls
Frank Young to third
Keith Green to second
Batting: LHB Bill McCraney 0-0: Fly out, F8 (Flyball, 8RXD)
Runner from 3rd tags up, SCORES, no throw
Keith Green to third
Pitching: RHP Matt Kinnieson
Batting: LHB Mike Harris 0-0: Called Strike
0-1: Fly out, F9 (Flyball, 9M)
Top of the 10th over - 1 run(s), 1 hit(s), 0 error(s), 2 left on base; Nashua 2 - Montgomery 1
BOTTOM OF THE 10TH
Montgomery Grey Sox batting - Pitching for Nashua Redlegs : RHP Pedro Cabrera
Pitching: RHP José Gusmán
Pinch Hitting: SHB Wilson Bray 0-0: Ground out 4-3 (Groundball, 4M)
Batting: RHB José Montoya 0-0: Ball
1-0: Foul Ball, location: 2F
1-1: Ball
2-1: Ball
3-1: Base on Balls
Batting: RHB Dean Bailey 0-0: Ball
1-0: Swinging Strike
1-1: Foul Ball, location: 2F
1-2: SINGLE (Groundball, 4MD)
José Montoya to second
Runner from 2nd tries for 3rd, SAFE, no throw or cutoff
Batting: LHB Al Gaines 0-0: Swinging Strike
0-1: Ground out U3 (Groundball, 3S)
Dean Bailey to second
Batting: SHB Marvin López 0-0: Ball
1-0: Ball
2-0: Swinging Strike
2-1: Ball
3-1: Base on Balls
Batting: RHB José Carlos Caraballo 0-0: Fly out, F7 (Flyball, 7S)
Bottom of the 10th over - 0 run(s), 1 hit(s), 0 error(s), 3 left on base; Nashua 2 - Montgomery 1
Monday, December 5th, 2016 - OOTP Baseball 17.12 Build 75